 Dungeon Crawl Stone Soup version 0.21.1-1-g345015fe64 (webtiles) character file.

142 Lothor the Chopper (level 5, -2/41 HPs)
             Began as a Demonspawn Fighter on Apr 17, 2018.
             Slain by a gnoll
             ... wielding a +1 spear of freezing
              (5 damage)
             ... on level 3 of the Dungeon.
             The game lasted 00:06:07 (2083 turns).

Lothor the Chopper (Demonspawn Fighter)             Turns: 2083, Time: 00:06:07

Health: -2/41      AC:  7    Str: 14    XL:     5   Next: 4%
Magic:  5/5        EV:  6    Int:  9    God:
Gold:   158        SH:  8    Dex: 14    Spells: 4/4 levels left

rFire    . . .     SeeInvis .   a - +0 war axe
rCold    + . .     Gourm    .   c - +0 shield
rNeg     . . .     Faith    .   b - +0 scale mail
rPois    .         Spirit   .   i - +0 hat
rElec    .         Reflect  .   (no cloak)
rCorr    .         Harm     .   (no gloves)
MR       .....                  l - +0 pair of boots
Stlth    ..........             (no amulet)
HPRegen  0.13/turn              (no ring)
MPRegen  0.09/turn              (no ring)

@: no status effects
A: antennae 1, cold resistance 1, high mp 1, weak 1
a: no special abilities


You were on level 3 of the Dungeon.
You were not hungry.

You visited 1 branch of the dungeon, and saw 3 of its levels.

You collected 158 gold pieces.

Inventory:

Hand Weapons
 a - a +0 war axe (weapon)
Armour
 b - a +0 scale mail (worn)
 c - a +0 shield (worn)
 i - a +0 hat (worn)
 l - a +0 pair of boots (worn)
Jewellery
 o - an uncursed amulet of guardian spirit {unknown}
Wands
 k - a wand of polymorph (5)
 p - a wand of flame (37)
 t - a wand of enslavement (6)
Scrolls
 h - a scroll of identify {unknown}
 j - 3 scrolls of amnesia {unknown}
 m - a scroll of enchant armour {unknown}
 n - 2 scrolls of teleportation {unknown}
 q - a scroll of magic mapping {unknown}
 r - a scroll of random uselessness {unknown}
Potions
 d - a potion of might
 e - a potion of lignification
 u - a potion of curing {unknown}
Comestibles
 f - 8 rations
 g - 8 chunks of flesh


   Skills:
 - Level 3.0 Fighting
 + Level 4.8 Axes
 - Level 2.6 Armour
 - Level 2.6 Shields


You had 4 spell levels left.
You didn't know any spells.

Dungeon Overview and Level Annotations

Branches:
Dungeon (3/15)

Altars:
Okawaru


Innate Abilities, Weirdness & Mutations

You have a pair of small antennae on your head.
Your flesh is cold resistant. (rC+)
You have an increased reservoir of magic. (+10% MP)
You are weak. (Str -2)


Message History

You slash the gnoll!
You kill the gnoll!
The gnoll hits you with a spear.
* * * LOW HITPOINT WARNING * * *
The gnoll hits you from afar with a spear of freezing.
* * * LOW HITPOINT WARNING * * *
You slash the gnoll!
You kill the gnoll!
You have reached level 5!
You block the gnoll's attack. The gnoll hits you but does no damage.
Things that are here:
a spear; a gnoll corpse You closely miss the gnoll.
The gnoll hits you but does no damage.
The gnoll hits you with a spear of freezing.
* * * LOW HITPOINT WARNING * * *
You closely miss the gnoll. The gnoll hits you but does no damage.
You hit the gnoll but do no damage.
The gnoll hits you with a spear of freezing.
You die...

##..##.# #.......# .. #
#.......# .# .# ####
###..#### .. ... ...
##.## ..## #.# #..# .
...##..###.## ..###..
#..#..##
....#..###.)...##########
..........g@............#
#......######.........#
###..#..## ##........#
#......# #........#
##.....# #........#
###...# #..[.....# #....#
########## ###.... ##...


You could see a gnoll.

Vanquished Creatures
  2 gnolls (D:3)
  5 adders
  3 worms
  2 leopard geckos
  An orc (D:3)
  5 bats
  4 giant cockroaches
  14 hobgoblins
  3 jackals (D:2)
  4 frilled lizards
  10 goblins
  7 kobolds
  3 rats
  A fungus (D:2)
64 creatures vanquished.

Vanquished Creatures (others)
  A fungus (D:2)
1 creature vanquished.

Grand Total: 65 creatures vanquished

Notes
Turn   | Place    | Note
-------+----------+-------------------------------------------
     0 | D:1      | Lothor the Demonspawn Fighter began the quest for the Orb.
     0 | D:1      | Reached XP level 1. HP: 18/18 MP: 1/1
    48 | D:1      | Reached skill level 2 in Axes
   187 | D:1      | Gained mutation: You have a pair of small antennae on your head. [demonic ancestry]
   187 | D:1      | Reached XP level 2. HP: 24/24 MP: 2/2
   657 | D:1      | Reached skill level 3 in Axes
   767 | D:2      | Reached XP level 3. HP: 21/29 MP: 3/3
   804 | D:2      | Found an iron altar of Okawaru.
   955 | D:2      | Found a faded altar of an unknown god.
  1038 | D:2      | Gained mutation: Your flesh is cold resistant. (rC+) [demonic ancestry]
  1038 | D:2      | Reached XP level 4. HP: 18/35 MP: 4/4
  1189 | D:2      | Reached skill level 4 in Axes
  1712 | D:3      | Gained mutation: You are weak. (Str -2) [potion of mutation]
  1712 | D:3      | Gained mutation: You have an increased reservoir of magic. (+10% MP) [potion of mutation]
  2079 | D:3      | Reached XP level 5. HP: 5/41 MP: 5/5
  2083 | D:3      | Slain by a gnoll

Skill      XL: |  1  2  3  4 |
---------------+-------------+-----
Axes           | 2 3 4 |  4.8
Fighting       | |  3.0
Armour         | |  2.6
Shields        | |  2.6

Action                   |  1- 3 |  4- 6 || total
-------------------------+-------+-------++-------
Melee: War axe           |   148 |   105 ||   253
  Use: Potion            |       |     4 ||     4
       Scroll            |       |     2 ||     2
  Eat: Chunk             |     1 |     3 ||     4
Armor: Scale mail        |   105 |    44 ||   149
       Skin              |       |    16 ||    16
Dodge: Dodged            |    63 |    35 ||    98
Block: Shield            |    33 |    45 ||    78
       Buckler           |    27 |     7 ||    34
